 Dungeon Crawl Stone Soup version 0.29-a0-1009-g60c99734e7 (webtiles) character file.

Game seed: 2597876575900514977

630 Mesmaeker13 the Insei (level 7, -2/43 HPs)
             Began as an Octopode Transmuter on Aug 8, 2022.
             Slain by an ice beast (13 damage)
             ... on level 5 of the Dungeon.
             The game lasted 00:08:22 (5190 turns).

Mesmaeker13 the Insei (Octopode Transmuter)         Turns: 5190, Time: 00:08:23

Health: -2/43      AC:  1    Str:  9    XL:     7   Next: 48%
Magic:  8/12       EV: 13    Int: 18    God:
Gold:   101        SH:  0    Dex: 12    Spells: 2/12 levels left

rFire   . . .      SeeInvis .     - Unarmed
rCold   . . .      Faith    .   (no shield)
rNeg    . . .      Spirit   .   (helmet restricted)
rPois   .          Reflect  .   s - amulet of regeneration
rElec   .          Harm     .   (no ring)
rCorr   .          Rampage  .   (no ring)
Will    .....                   (no ring)
Stlth   ++........              (no ring)
HPRegen 0.94/turn               (no ring)
MPRegen 0.13/turn               (no ring)
                                (no ring)
                                (no ring)

@: very slightly contaminated
A: almost no armour, amphibious, 8 rings, camouflage 1, gelatinous body 1,
(nimble swimmer 1), tentacles
a: no special abilities


You were on level 5 of the Dungeon.
You visited 1 branch of the dungeon, and saw 5 of its levels.
You also visited: Sewer.

You collected 101 gold pieces.

Inventory:

Hand Weapons
 h - a +2 dagger of protection
Missiles
 c - 2 curare-tipped darts
 r - 4 poisoned darts (quivered)
Jewellery
 s - an amulet of regeneration (around mantle)
 u - an amulet of faith
Wands
 k - a wand of flame (7)
Scrolls
 d - 2 scrolls of teleportation
 e - a scroll of immolation {unknown}
 j - a scroll of butterflies
 n - a scroll of fear {unknown}
 p - a scroll of torment
Potions
 a - a potion of lignification
 b - 3 potions of mutation
 g - 5 potions of curing
 i - a potion of magic
 l - 2 potions of haste
 m - 3 potions of flight
 o - a potion of attraction {unknown}
 q - 2 potions of invisibility {unknown}


   Skills:
 - Level 1.0 Fighting
 - Level 2.0 Dodging
 + Level 5.2 Unarmed Combat
 - Level 3.3 Spellcasting
 + Level 4.6 Transmutations
 + Level 0.7 Ice Magic
 + Level 4.2 Poison Magic


You had 2 spell levels left.
You knew the following spells:

 Your Spells              Type           Power      Damage    Failure   Level
a - Beastly Appendage     Tmut           38%        N/A       2%          1
b - Wereblood             Tmut           19%        N/A       3%          2
c - Spider Form           Tmut/Pois      19%        N/A       8%          3
d - Ice Form              Ice/Tmut       12%        N/A       45%         4

Your spell library contained the following spells:

 Spells                   Type           Power      Damage    Failure   Level


Dungeon Overview and Level Annotations

Branches:
Dungeon (5/15)              Sewer (visited)
 Temple: D:4-7

Altars:
Dithmenos
Elyvilon
Fedhas
Wu Jian

Shops:
D:4 *


Innate Abilities, Weirdness & Mutations

You cannot wear most types of armour.
You are amphibious.
You can wear up to eight rings at the same time.
Your skin changes colour to match your surroundings (Stealth+).
Your rubbery body absorbs attacks. (AC +1, EV +1)
((You are camouflaged when in or above water. (Stealth+)))
You have tentacles for arms and can constrict up to eight enemies at once.


Message History

The ice beast is heavily wounded.
Aiming: Throw Flame
Press: ? - help, Shift-Dir - straight line, f/p - ice beast
Aim: an ice beast (heavily wounded, 68% to hit)
The puff of flame hits the ice beast.
The ice beast melts!
The ice beast is severely wounded.
You barely miss the ice beast.
The ice beast is severely wounded.
The ice beast closely misses you.
You hit the ice beast but do no damage.
The ice beast is heavily wounded.
The ice beast barely misses you.
You hit the ice beast.
The ice beast is severely wounded.
The ice beast barely misses you.
You barely miss the ice beast.
The ice beast is severely wounded.
Your transformation has ended.
The ice beast hits you. The ice beast freezes you!
You tentacle-slap the ice beast but do no damage.
The ice beast is severely wounded.
The ice beast hits you. The ice beast freezes you!
You barely miss the ice beast.
Your tentacle-slap misses the ice beast.
The ice beast is severely wounded.
You hear the slow hiss of a distant avalanche of sand.
The ice beast hits you.
* * * LOW HITPOINT WARNING * * *
The ice beast freezes you!
* * * LOW HITPOINT WARNING * * *
You feel much better. The ice beast hits you. The ice beast freezes you.
Casting: Spider Form (dangerous; 8% risk of failure)
Confirm with . or Enter, or press ? or * to list all spells.
The spell is extremely dangerous to miscast (45% risk of failure)!
Continue anyway?
You miscast Ice Form.
You are very lightly contaminated with residual magic.
You feel a strange surge of energy. The ice beast hits you.
* * * LOW HITPOINT WARNING * * *
The ice beast freezes you!
You die...

#...............#
###..............
##....#........
###..#.##.#......
#....#<##........
#................
#..#.............
......##............
..... ###@.........
..... ##.Y.#.......
...Y. #...##.#.....
...$..##...# ##.....
....>.#...## ....
#.........#.## ...
##..##........ ...
#. #......... ..
#.#######.


You could see an ice beast.

Vanquished Creatures
  A black bear (D:5)
  An ogre (D:4)
  2 kobold brigands (Sewer)
  A scorpion (D:4)
  A hound (D:4)
  2 orc priests
  An orc wizard (D:4)
  3 adders
  A river rat (D:3)
  2 worms
  4 dart slugs
  13 orcs
  5 bats
  3 endoplasms
  6 giant cockroaches
  4 hobgoblins
  6 jackals
  7 ball pythons
  6 frilled lizards
  12 goblins
  11 kobolds
  12 rats
104 creatures vanquished.

Vanquished Creatures (others)
  8 plants (D:4)
8 creatures vanquished.

Grand Total: 112 creatures vanquished

Notes
Turn   | Place    | Note
-------+----------+-------------------------------------------
     0 | D:1      | Mesmaeker13 the Octopode Transmuter began the quest for the
                  | Orb.
     0 | D:1      | Reached XP level 1. HP: 13/13 MP: 3/3
   271 | D:1      | Reached XP level 2. HP: 17/18 MP: 3/5
  1158 | D:1      | Reached XP level 3. HP: 23/23 MP: 4/6
  1368 | D:2      | Learned a level 2 spell: Wereblood
  2168 | D:2      | Found a faded altar of an unknown god.
  2286 | D:2      | Learned a level 3 spell: Spider Form
  2333 | D:3      | Found a glowing drain.
  2345 | D:3      | Reached XP level 4. HP: 28/28 MP: 5/8
  2357 | Sewer    | Entered a sewer
  2449 | Sewer    | Noticed a kobold brigand
  2469 | Sewer    | Noticed a kobold brigand
  2476 | Sewer    | Killed a kobold brigand
  2477 | Sewer    | Reached skill level 4 in Unarmed Combat
  2477 | Sewer    | Reached skill level 1 in Poison Magic
  2477 | Sewer    | Reached XP level 5. HP: 29/33 MP: 7/9
  2486 | Sewer    | Killed a kobold brigand
  2821 | Sewer    | Found a white marble altar of Elyvilon.
  2990 | D:3      | Found an ornate altar of the Wu Jian Council.
  3432 | D:3      | Reached XP level 6. HP: 17/38 MP: 6/11
  3789 | D:3      | Found a white marble altar of Elyvilon.
  4226 | D:4      | Found a shadowy altar of Dithmenos.
  4444 | D:4      | Reached XP level 7. HP: 43/43 MP: 6/12
  4519 | D:4      | Found Byvuizou's Bounteous Boutique.
  4568 | D:4      | Found a blossoming altar of Fedhas.
  4876 | D:4      | Reached skill level 5 in Unarmed Combat
  5137 | D:5      | Entered Level 5 of the Dungeon
  5143 | D:5      | Learned a level 4 spell: Ice Form
  5188 | D:5      | HP: 1/43 [ice beast (10)]
  5190 | D:5      | Slain by an ice beast

Illustrated notes

Levels and vault maps discovered:
D:1:      dpeg_arrival_refuge, layout_basic
D:2:      layout_basic, nicolae_ecumenical_lake_church
D:3:      layout_loops_cross, mainiacjoe_overflow_boulevard, lemuel_round_altar,
          portal_sewer_entry_b
D:4:      layout_gridville, old_standard_altar, fedhas_altar_decomposition,
          nicolae_alphabet_shops
D:5:      layout_cave_pools, lemuel_doored_altar, minmay_temple_entry_glass,
          nicolae_ossuary_entry_catacombs, serial_shops, kennysheep_little_box,
          kennysheep_generic_room_3, uniq_pikel, uniq_blork_the_orc

Skill      XL: |  1  2  3  4  5  6  7 |
---------------+----------------------+-----
Unarmed Combat | 4 5 |  5.2
Spellcasting   | 3 |  3.3
Transmutations | 3 4 |  4.6
Poison Magic   | 1 2 3 4 |  4.2
Fighting       | |  1.0
Dodging        | |  2.0
Ice Magic      | |  0.7

Action                   |  1- 3 |  4- 6 |  7- 9 || total
-------------------------+-------+-------+-------++-------
Melee: Unarmed           |    90 |    97 |    41 ||   228
       Constrict         |    28 |    14 |     9 ||    51
       Kick              |    24 |    13 |     9 ||    46
       Tentacles         |    17 |    11 |     5 ||    33
       Punch             |     2 |     2 |     2 ||     6
Throw: Dart              |       |     1 |     4 ||     5
 Cast: Beastly Appendage |    36 |    13 |     5 ||    54
       Wereblood         |     1 |     5 |     1 ||     7
       Spider Form       |       |     5 |     1 ||     6
Evoke: Wand              |     5 |     4 |     4 ||    13
  Use: Scroll            |     6 |       |     4 ||    10
       Potion            |       |     3 |     1 ||     4
 Stab: Sleeping          |     6 |     1 |     2 ||     9
Armor: Skin              |     5 |    11 |     3 ||    19
Dodge: Dodged            |    48 |    61 |    24 ||   133

Table legend: (Time is in decaauts)
 A = Elapsed time spent in this place.
 B = Non-inter-level travel time spent in this place.
 C = Inter-level travel time spent in this place.
 D = Time resting spent in this place.
 E = Time spent auto-exploring this place.
 F = Levels seen in this place.
 G = Mean time per level.
                   A        B        C        D        E       F      G
               +--------+--------+--------+--------+--------+-----+--------+
         Total |   5172 |   4955 |    217 |    553 |   3436 |   6 |  862.0 |
       Dungeon |   4675 |   4458 |    217 |    298 |   3336 |   5 |  935.0 |
         Sewer |    497 |    497 |      0 |    255 |    100 |   1 |  497.0 |
               +--------+--------+--------+--------+--------+-----+--------+

Top non-repeatable levels by time:
     D:1: 1386 daAuts
     D:2: 1155 daAuts
     D:4: 1097 daAuts
     D:3: 984 daAuts
   Sewer: 497 daAuts
     D:5: 51 daAuts
